 Dungeon Crawl Stone Soup version 0.28-a0-1555-g9ae15a6949 (webtiles) character file.

Game seed: 15812481277221085229

157950 murtidash the Hill Orc Blade (level 17, -1/146 HPs)
             Began as a Hill Orc Delver on Jan 18, 2022.
             Was the Champion of Qazlal.
             Splashed by a goliath frog's acid (6 damage)
             ... on level 4 of the Swamp.
             The game lasted 01:12:47 (33790 turns).

murtidash the Hill Orc Blade (Hill Orc Delver)     Turns: 33790, Time: 01:12:47

Health: -1/146     AC: 22    Str: 23    XL:     17   Next: 70%
Magic:  26/26      EV:  8    Int: 10    God:    Qazlal [******]
Gold:   696        SH: 17    Dex:  7    Spells: 11/16 levels left

rFire   + + .      SeeInvis .   a - +10 falchion of Purpose {spect, rF++ rC+ Dex-5}
rCold   + . .      Faith    .   U - +0 kite shield
rNeg    . . .      Spirit   .   S - +2 chain mail {rPois}
rPois   +          Reflect  .   q - +2 helmet
rElec   .          Harm     .   T - +0 cloak
rCorr   .          Rampage  .   (no gloves)
Will    +....                   H - +0 pair of boots
Stlth   ..........              (no amulet)
HPRegen 0.34/turn               Y - +4 ring of slaying
MPRegen 0.20/turn               y - +4 ring of slaying

@: about to teleport, protected from physical damage, repel missiles, very slow
A: no striking features
a: Renounce Religion, Upheaval, Elemental Force, Disaster Area


You were on level 4 of the Swamp.
You worshipped Qazlal.
Qazlal was exalted by your worship.
You visited 5 branches of the dungeon, and saw 28 of its levels.
You also visited: Sewer and Volcano.

You collected 2396 gold pieces.
You spent 1700 gold pieces at shops.


   Skills:
 - Level 12.0 Fighting
 - Level 21.5 Long Blades
 - Level 5.9 Axes
 - Level 9.2 Armour
 - Level 6.1 Dodging
 - Level 4.1 Stealth
 - Level 9.3 Shields
 * Level 9.9 Translocations
 - Level 12.0 Invocations


You had 11 spell levels left.
You knew the following spells:

 Your Spells              Type           Power      Damage    Failure   Level
m - Manifold Assault      Tloc           19%        N/A       94%         5

Your spell library contained the following spells:

 Spells                   Type           Power      Damage    Failure   Level
 Blink                    Tloc           38%        N/A       14%         2
 Foxfire                  Conj/Fire      0%         2x1d4     99%         1
 Sting                    Tmut/Pois      0%         1d3       99%         1
 Ensorcelled Hibernation  Hex/Ice        0%         N/A       100%        2
 Poisonous Vapours        Pois/Air       0%         N/A       100%        2
 Conjure Flame            Conj/Fire      0%         6-21      100%        3
 Dazzling Flash           Conj/Hex       0%         N/A       100%        3
 Frozen Ramparts          Ice            0%         1d2       100%        3
 Inner Flame              Hex/Fire       0%         N/A       100%        3
 Ozocubu's Armour         Ice            0%         N/A       100%        3
 Spider Form              Tmut/Pois      0%         N/A       100%        3
 Airstrike                Air            0%         N/A       100%        4
 Anguish                  Hex/Necr       0%         N/A       100%        4
 Cause Fear               Hex            0%         N/A       100%        4
 Flame Wave               Conj/Fire      0%         2d4       100%        4
 Ice Form                 Ice/Tmut       0%         N/A       100%        4
 Olgreb's Toxic Radiance  Pois           0%         N/A       100%        4
 Summon Ice Beast         Ice/Summ       0%         N/A       100%        4
 Summon Lightning Spire   Summ/Air       0%         N/A       100%        4
 Agony                    Necr           0%         N/A       100%        5
 Lightning Bolt           Conj/Air       0%         1d11      100%        5
 Silence                  Hex/Air        0%         N/A       100%        5
 Summon Forest            Summ/Tloc      4%         N/A       100%        5
 Eringya's Noxious Bog    Tmut/Pois      0%         N/A       100%        6
 Dragon Form              Tmut           0%         N/A       100%        7
 Ozocubu's Refrigeration  Ice            0%         4d5       100%        7
 Storm Form               Tmut/Air       0%         N/A       100%        7
 Summon Hydra             Summ           0%         N/A       100%        7
 Dragon's Call            Summ           0%         N/A       100%        9

Inventory:

Hand Weapons
 a - the +10 falchion of Purpose (weapon) {spect, rF++ rC+ Dex-5}
   (You found it on level 5 of the Dungeon)

   When its wielder attacks, the weapon's spirit leaps out and strikes again.
   The spirit shares a part of any damage it takes with its wielder.
   Dex:       It affects your dexterity (-5).
   rF:        It greatly protects you from fire.
   rC:        It protects you from cold.
 b - the +2 Maxwell's thermic engine {flame, freeze}
   (You bought it in a shop on level 2 of the Orcish Mines)

   It burns those it strikes, dealing additional fire damage.
   Big, fiery blades are also staple armaments of hydra-hunters.
   It freezes those it strikes, dealing additional cold damage.
   It can also slow down cold-blooded creatures.
   It becomes more effective when it hits something.
   This effect fades over time.
 F - a +0 double sword of holy wrath {rare}
   (You took it off Urug on level 2 of the Orcish Mines)
 Z - a +1 demon blade of flaming
   (You took it off a hell knight in a volcano)
Missiles
 v - 2 throwing nets (quivered) {=f!f}
Armour
 i - a +4 scale mail of fire resistance
   (You found it in a volcano)
 p - a +0 troll leather armour
   (You found it on level 9 of the Dungeon)
 q - a +2 helmet (worn)
   (You found it on level 3 of the Dungeon)
 w - a +2 hat of willpower
   (You took it off Gastronok on level 1 of the Lair of Beasts)
 C - a scarf of invisibility
   (You found it on level 11 of the Dungeon)
 H - a +0 pair of boots (worn)
   (You found it on level 8 of the Dungeon)
 Q - a +0 plate armour of positive energy
   (You took it off an orc warrior on level 2 of the Orcish Mines)
 S - a +2 chain mail of poison resistance (worn)
   (You took it off an orc on level 6 of the Dungeon)
 T - a +0 cloak (worn)
   (You found it on level 1 of the Lair of Beasts)
 U - a +0 kite shield (worn)
   (You found it on level 3 of the Lair of Beasts)
Jewellery
 y - a +4 ring of slaying (right hand)
   (You found it on level 1 of the Swamp)
 E - a +4 ring of evasion
   (You found it on level 6 of the Lair of Beasts)
 M - an amulet of magic regeneration
   (You found it on level 13 of the Dungeon)
 O - a +4 ring of protection
   (You found it on level 7 of the Dungeon)
 P - a ring of poison resistance
   (You bought it in a shop on level 5 of the Dungeon)
 R - a ring of resist corrosion
   (You found it on level 6 of the Lair of Beasts)
 Y - a +4 ring of slaying (left hand)
   (You found it on level 3 of the Lair of Beasts)
Wands
 m - a wand of iceblast (8)
   (You found it on level 4 of the Lair of Beasts)
 o - a wand of acid (7)
   (You found it on level 1 of the Swamp)
 s - a wand of polymorph (14)
   (You found it on level 6 of the Lair of Beasts)
 G - a wand of flame (10)
   (You found it on level 14 of the Dungeon)
 I - a wand of mindburst (26)
   (You took it off a kobold on level 8 of the Dungeon)
 L - a wand of paralysis (8)
   (You found it on level 9 of the Dungeon)
 W - a wand of charming (22)
   (You found it on level 8 of the Dungeon)
Scrolls
 c - 8 scrolls of fog
 d - 2 scrolls of magic mapping {!r}
 f - 7 scrolls of enchant weapon
 h - 12 scrolls of identify {@r1}
 k - 2 scrolls of teleportation {@r4}
 r - a scroll of torment {!r}
 u - 2 scrolls of immolation {!r!r}
 N - 3 scrolls of holy word
Potions
 g - 2 potions of cancellation
 n - 10 potions of lignification {!q}
 t - 4 potions of attraction {!q}
 x - a potion of mutation {!q}
 z - 4 potions of flight
 A - 11 potions of curing {@q1}
 B - 2 potions of ambrosia
 D - 6 potions of might
 J - 4 potions of brilliance
 K - 3 potions of haste {@q3}
Miscellaneous
 l - a condenser vane
   (You found it on level 12 of the Dungeon)
 V - a lightning rod (4/4)
   (You found it on level 3 of the Lair of Beasts)

Dungeon Overview and Level Annotations

Branches:
Dungeon (15/15)            Temple (1/1) D:5            Lair (6/6) D:9
  Swamp (4/4) Lair:3        Snake (0/4) Lair:4        Slime (0/5) Lair:5
    Orc (2/2) D:11            Elf (0/3) Orc:2        Vaults (0/5) D:13
 Depths (0/4) D:15          Sewer (visited)         Volcano (visited)

Altars:
Ashenzari
Cheibriados
Dithmenos
Elyvilon
Fedhas
Gozag
Hepliaklqana
Kikubaaqudgha
Makhleb
Nemelex Xobeh
Okawaru
Qazlal
Ru
Sif Muna
Trog
Uskayaw
Vehumet
Wu Jian
Xom
Yredelemnul
Zin
The Shining One
Beogh
Jiyva

Shops:
D:5 *   D:6 (   D:8 *   D:15 (   Orc:2 ([[*

Annotations:
D:7 2 transporters, porpoise's ghost, novice DjWz
Lair:6 3 runed translucent doors, Teuc's ghost, journeyman DsDe
Swamp:2 Roxanne

,,,*≈≈*≈≈≈,*≈*≈*♣≈≈.♣**,≈,*
*,*,≈*≈≈≈,*W#≈##≈≈≈.♣**≈≈,***
**≈*≈≈*≈≈≈≈*D#≈≈≈.≈≈♣*≈≈≈≈,≈*
**,≈*,≈,,*≈*≈#.≈...♣**≈≈≈≈,**
**≈,,≈≈≈≈*≈#4≈(..≈♣ **≈≈≈,≈*
**********,≈...≈≈♣**.≈≈≈,≈*
**♣○☼§.≈♣≈).≈≈≈≈≈**
♣<○.≈....≈≈≈≈≈,,*
♣≈@≈F≈≈≈≈≈≈≈≈≈,,* ****
♣♣.≈○≈≈≈.D≈≈≈≈,,* *,≈* ****
♣≈.○≈≈≈.≈≈≈≈≈,≈*
*,≈***,,*****♣♣≈≈§≈≈≈≈≈≈≈≈≈,*
*,,≈≈≈≈≈,≈≈≈***♣≈≈≈≈≈≈≈≈≈≈≈,*
**,≈≈≈≈≈≈≈≈≈**≈≈≈?!...≈≈≈≈≈≈*
***≈,<≈≈≈≈≈≈,≈,≈≈..≈♣♣<,≈≈≈≈≈*
**,≈≈,,,,,,,,≈,≈≈≈≈(♣♣*,,≈≈≈≈,*
*,≈≈≈≈,,,≈,,≈*,≈≈≈≈≈,**,≈≈≈≈,≈*


You could see 2 seven-headed hydras, an orange demon, a goliath frog and a
shadow.


Message History

The spriggan berserker looks more healthy.
You block the alligator's attack. x2
The spriggan berserker hits you with a +4 rapier.
* * * LOW HITPOINT WARNING * * *
😱 HP[-4]
You take 4 damage, and now have 31/146 hp.
You enter the shallow water.
Moving in this stuff is going to be slow.
The alligator slows down.
The alligator puts on a burst of speed!
You block the alligator's attack. x2
The bunyip is engulfed in freezing vapours.
The bunyip claws you but does no damage.
The bunyip claws you.
* * * LOW HITPOINT WARNING * * *
The bunyip claws you!
* * * LOW HITPOINT WARNING * * *
You feel more protected from physical attacks. 😱 HP[-12]
You take 12 damage, and now have 19/146 hp.
Your surroundings suddenly seem different.
Found an escape hatch in the floor.
Found two stone staircases leading down. 😱 HP[+1]
You hear an angry buzzing noise. x2
A swamp worm comes into view.
An alligator comes into view.
You hear an angry buzzing noise. x2
A vampire mosquito comes into view. 😱 HP[+1]
You hear an angry buzzing noise. x2
A vampire mosquito comes into view. x2
The swamp worm fires a harpoon shot at you.
You block the harpoon shot.
The alligator is engulfed in freezing vapours.
The alligator seems to slow down.
You block the alligator's attack. The alligator barely misses you.
There is a stone staircase leading down here.
The vampire mosquito buzzes angrily.
You hear a hideous shriek!
The swamp worm fires a harpoon shot at you.
The harpoon shot misses you.
You climb downwards.
You hear a screech!
You hear a hideous shriek!
You hear a roar! x3
You hear a hideous shriek!
You hear a shout!
You hear a deafening roar! x2
You hear a chilling moan.
There is a stone staircase leading up here. 😱 HP[+1]
You slice the alligator!!
Your +10 falchion of Purpose {spect, rF++ rC+ Dex-5} closely misses the alligator.
You hear a horrible gurgling sound!
You hear a roar!
The alligator bites you but does no damage.
The alligator tail-slaps you but does no damage.
You slice the alligator!!
Your +10 falchion of Purpose {spect, rF++ rC+ Dex-5} closely misses the alligator.
You hit the alligator.
Your +10 falchion of Purpose {spect, rF++ rC+ Dex-5} hits the alligator!
You hear a deafening roar! x2
An orange demon comes into view.
The alligator bites your +10 falchion of Purpose {spect, rF++ rC+ Dex-5} but does no damage.
The alligator tail-slaps your +10 falchion of Purpose {spect, rF++ rC+ Dex-5}.
Your spectral weapon shares its damage with you!
* * * LOW HITPOINT WARNING * * *
😱 HP[-1]
You take 1 damage, and now have 21/146 hp.
You slash the alligator!
Your +10 falchion of Purpose {spect, rF++ rC+ Dex-5} hits the alligator!
You kill the alligator!
Qazlal accepts your kill.
You hear a shout! x2
An orange demon is nearby!
Okay, then.
Unknown command.
Unknown command.
You enter the shallow water.
Moving in this stuff is going to be slow.
A goliath frog comes into view.
Found 24 stones.
Found an escape hatch in the ceiling.
You hear a roar!
You hear a deafening roar!
A six-headed hydra comes into view.
Really read
d - 3 scrolls of magic mapping {!r}?
Uppercase [Y]es or [N]o only, please.
Really read
d - 3 scrolls of magic mapping {!r}?
Okay, then.
Unknown command.
Okay, then.
Really read
d - 3 scrolls of magic mapping {!r}?
As you read the scroll of magic mapping {!r}, it crumbles to dust.
You feel aware of your surroundings.
The six-headed hydra roars!
You hear a roar!
A seven-headed hydra comes into view. 😱 HP[+1] Unknown command.
Unknown command.
As you read the scroll of teleportation {@r4}, it crumbles to dust.
You feel strangely unstable.
The seven-headed hydra roars!
You hear a roar!
You hear a deafening roar! x2
A seven-headed hydra comes into view.
A shadow comes into view.
The goliath frog hits you from afar!
* * * LOW HITPOINT WARNING * * *
You are splashed with acid.
You die...

Skill      XL: |  1  2  3  4  5  6  7  8  9 10 11 12 13 14 15 16 |
---------------+-------------------------------------------------+-----
Axes           | 3 4 5 |  5.9
Fighting       | 4 5 6 7 8 9 10 11 12 | 12.0
Long Blades    | 1 3 5 8 9 11 14 15 18 21 | 21.5
Invocations    | 1 2 4 6 8 9 10 11 12 | 12.0
Armour         | 1 4 5 7 8 9 |  9.2
Shields        | 1 4 5 7 8 9 |  9.3
Dodging        | 4 5 6 |  6.1
Translocations | 3 9 |  9.9
Stealth        | |  4.1

Action                   |  1- 3 |  4- 6 |  7- 9 | 10-12 | 13-15 | 16-18 || total
-------------------------+-------+-------+-------+-------+-------+-------++-------
Melee: Hand axe          |   142 |   201 |       |    37 |    33 |       ||   413
       Punch             |       |     3 |     1 |       |       |       ||     4
       Falchion          |       |     6 |   157 |   469 |   781 |    98 ||  1511
       Double sword      |       |       |       |       |   185 |   143 ||   328
Invok: Upheaval          |       |       |     1 |     2 |     2 |     1 ||     6
       Disaster Area     |       |       |       |       |     1 |       ||     1
Evoke: Wand              |       |     4 |     1 |     4 |       |       ||     9
  Use: Potion            |     2 |     6 |     2 |     4 |     3 |     5 ||    22
       Scroll            |       |       |     1 |    10 |     4 |     7 ||    22
 Stab: Sleeping          |     8 |     5 |     2 |       |       |       ||    15
       Distracted        |       |       |       |     3 |    10 |     3 ||    16
Armor: Leather armour    |    39 |    14 |       |       |       |       ||    53
       Ring mail         |       |    54 |    35 |       |       |       ||    89
       Skin              |       |     3 |       |       |       |       ||     3
       Chain mail        |       |       |    31 |   103 |     3 |     9 ||   146
       Troll leather arm |       |       |       |   118 |     2 |       ||   120
       Scale mail        |       |       |       |       |   254 |    43 ||   297
       Plate armour      |       |       |       |       |    29 |       ||    29
Dodge: Dodged            |    82 |   100 |    59 |   165 |   347 |    71 ||   824
       Repelled          |       |       |       |       |     6 |     5 ||    11
Block: Other             |       |       |     5 |       |       |       ||     5
       Buckler           |       |       |     3 |   243 |    17 |       ||   263
       Kite shield       |       |       |       |       |   777 |   232 ||  1009

Levels and vault maps discovered:
D:1:      dpeg_arrival_central, layout_rooms, shapermc_ecumenical_altar_venn,
          minmay_misc_feat_tower, chequers_serial_rivers_small_a
D:2:      layout_basic
D:3:      layout_basic
D:4:      layout_loops_corners, cheibriados_altar_1
D:5:      layout_loops_ring, minmay_temple_entry_overgrown, guppyfry_shop_venom,
          uniq_edmund
D:6:      layout_basic, kennysheep_mini_moat, gup_sewer_entry_pipe,
          serial_shops, shop_statue
D:7:      layout_loops_corners, mainiacjoe_overflow_catch_the_wave,
          gammafunk_ghost_smash, minmay_puff, uniq_harold
D:8:      layout_basic, serial_glass, glass_columns_c, glass_columns_a,
          unseen_surprise_small, item_on_display_a, due_unseen_surprise,
          minmay_strange_pillars, serial_shops, nicolae_shop_hallway_stairs,
          hangedman_minor_gate_pass
D:9:      layout_roguey, minmay_lair_entry_grove, minmay_strange_pillars
D:10:     layout_gridville, minivault_5
D:11:     layout_cross, zombieorc1_lemuel, gammafunk_ghost_necromancy,
          eino_small_chamber_without_monster
D:12:     layout_irregular_city
D:13:     layout_grid_maze, grunt_vaults_entry_tiered, uniq_erolcha, uniq_sonja,
          uniq_azrael
D:14:     layout_basic, serial_curves, eino_curves_04, eino_curves_04
D:15:     grunt_enter_depths_snipers, layout_rooms, serial_shops,
          nicolae_shop_waterfront, serial_bayou_shore_b, uniq_nessos
Temple:   dpeg_five_rooms_temple
Lair:1:   lemuel_ratsnest, layout_loops_ring, uniq_gastronok
Lair:2:   layout_loops_ring, serial_rivers, chequers_serial_rivers_room_a,
          chequers_serial_rivers_micro_a, chequers_serial_rivers_room_a,
          chequers_serial_rivers_small_b, grunt_megastairs_1
Lair:3:   layout_small_grid, palyth_hydra_swamp_entry
Lair:4:   wad_woods_minihive, layout_loops_ring,
          minmay_snake_entry_guardpost_small, nicolae_volcano_entry_hallway
Lair:5:   layout_hall_layers, slime_altar_1, grunt_megastairs_4
Lair:6:   minmay_lair_end_enchanted_forest, layout_layer_cave,
          gammafunk_ghost_ooze, guppyfry_lair_drakes, serial_bayou_shore_b
Swamp:1:  layout_basic_swamp, serial_swamp_ruin, evilmike_swamp_ruin_house_1,
          evilmike_swamp_ruin_house_6, swamp_pool2, infiniplex_staircase_pool_2
Swamp:2:  layout_basic_swamp, hellmonk_ghost_happy_afterlife,
          evilmike_swamp_ruin_house_5, uniq_roxanne
Swamp:3:  layout_falls_marsh, evilmike_swamp_ruin_rubble_2, lightli_tree_ring,
          uniq_bai_suzhen
Swamp:4:  swamp_vile, layout_basic_swamp, swamp_pool1, uniq_mlioglotl
Orc:1:    layout_caves, nicolae_orc_crystal_geode
Orc:2:    st_orc_rangers, layout_caves, minmay_orc_temple_a, uniq_urug

Notes
Turn   | Place    | Note
-------+----------+-------------------------------------------
     0 | D:5      | murtidash the Hill Orc Delver began the quest for the Orb.
     0 | D:5      | Reached XP level 1. HP: 19/19 MP: 1/1
     0 | D:5      | magus.rc [v1.11.3]
   343 | D:3      | Reached skill level 3 in Axes
   351 | D:3      | You pick up a book of Flames and begin reading...
   351 | D:3      | You add the spells Foxfire, Conjure Flame, Inner Flame and
                  | Flame Wave to your library.
   434 | D:2      | Reached skill level 4 in Fighting
   434 | D:2      | Reached XP level 2. HP: 20/27 MP: 2/2
  1108 | D:1      | Found a faded altar of an unknown god.
  1180 | D:1      | Reached XP level 3. HP: 34/34 MP: 3/3
  1571 | D:1      | Reached skill level 4 in Axes
  1964 | D:2      | Reached XP level 4. HP: 17/41 MP: 4/4
  2577 | D:2      | Reached skill level 5 in Fighting
  4067 | D:3      | Noticed a phantom
  4291 | D:4      | Reached skill level 5 in Axes
  4388 | D:4      | Reached XP level 5. HP: 38/48 MP: 5/5
  4489 | D:4      | Noticed a necrophage
  5330 | D:4      | Found a snail-covered altar of Cheibriados.
  5579 | D:5      | Identified the +10 falchion of Purpose {spect, rF++ rC+
                  | Dex-5}
  5824 | D:5      | Found a staircase to the Ecumenical Temple.
  5835 | Temple   | Entered the Ecumenical Temple
  5915 | Temple   | HP: 11/50 [acid (7)]
  5922 | Temple   | HP: 9/75 [acid (10)]
  5927 | Temple   | Reached skill level 6 in Fighting
  6410 | Temple   | Became a worshipper of Qazlal Stormbringer
  6528 | D:5      | Noticed an ogre
  6531 | D:5      | Killed an ogre
  6532 | D:5      | Reached skill level 1 in Long Blades
  6532 | D:5      | Reached skill level 1 in Invocations
  6532 | D:5      | Reached XP level 6. HP: 57/57 MP: 5/7
  6591 | D:5      | Reached skill level 2 in Long Blades
  6600 | D:5      | Reached skill level 2 in Invocations
  6686 | D:5      | Reached skill level 3 in Long Blades
  6686 | D:5      | Reached XP level 7. HP: 64/64 MP: 8/8
  6719 | D:5      | Found Qeranas's Serpentskin Sales.
  6726 | D:5      | Bought a ring of poison resistance for 260 gold pieces
  6802 | D:5      | Reached skill level 3 in Invocations
  6920 | D:6      | Reached skill level 4 in Long Blades
  6937 | D:6      | Found Feifrar's Weapon Boutique.
  6968 | D:6      | Reached skill level 7 in Fighting
  6996 | D:6      | Reached * piety under Qazlal
  7000 | D:6      | Reached skill level 5 in Long Blades
  7000 | D:6      | Reached skill level 4 in Invocations
  7000 | D:6      | Reached XP level 8. HP: 40/73 MP: 9/11
  7012 | D:6      | Found a glowing drain.
  7031 | Sewer    | Entered a sewer
  7281 | Sewer    | Found a white marble altar of Elyvilon.
  7610 | D:6      | Reached skill level 6 in Long Blades
  7690 | D:6      | Reached skill level 5 in Invocations
  7826 | D:6      | Reached ** piety under Qazlal
  7841 | D:6      | Found an ancient bone altar of Kikubaaqudgha.
  8050 | D:7      | Noticed a vampire
  8063 | D:7      | Killed a vampire
  8064 | D:7      | Reached skill level 8 in Fighting
  8065 | D:7      | Noticed Harold
  8080 | D:6      | Reached skill level 7 in Long Blades
  8297 | D:6      | Killed Harold
  8298 | D:6      | Reached skill level 8 in Long Blades
  8298 | D:6      | Reached skill level 6 in Invocations
  8298 | D:6      | Reached XP level 9. HP: 70/82 MP: 12/14
  8642 | D:7      | Found a transporter.
  8642 | D:7      | Noticed porpoise's ghost (novice DjWz)
  8645 | D:7      | Found a transporter.
  8673 | D:7      | Found a shimmering blue altar of Sif Muna.
  8678 | D:7      | Reached skill level 9 in Fighting
  8678 | D:7      | Reached skill level 7 in Invocations
  9224 | D:7      | Found a shimmering altar of Xom.
  9562 | D:7      | You pick up a book of Rime and begin reading...
  9562 | D:7      | You add the spells Frozen Ramparts, Ice Form and Summon Ice
                  | Beast to your library.
  9775 | D:7      | Reached skill level 9 in Long Blades
  9777 | D:7      | You pick up a book of Dreams and begin reading...
  9777 | D:7      | You add the spells Ensorcelled Hibernation, Spider Form and
                  | Anguish to your library.
 10005 | D:8      | Reached skill level 1 in Armour
 10006 | D:8      | Reached skill level 1 in Shields
 10135 | D:8      | Reached skill level 8 in Invocations
 10135 | D:8      | Reached XP level 10. HP: 91/91 MP: 14/16
 10319 | D:8      | Reached skill level 2 in Armour
 10319 | D:8      | Reached skill level 2 in Shields
 10371 | D:8      | Found Yfodgh's Assorted Antiques.
 10431 | D:8      | Noticed a two-headed ogre
 10438 | D:8      | Reached skill level 10 in Long Blades
 10447 | D:8      | Killed a two-headed ogre
 10812 | D:8      | Reached skill level 3 in Armour
 10812 | D:8      | Reached skill level 3 in Shields
 11226 | D:9      | Reached skill level 9 in Invocations
 11240 | D:9      | Reached *** piety under Qazlal
 11282 | D:9      | Reached skill level 11 in Long Blades
 11284 | D:9      | Reached skill level 4 in Armour
 11284 | D:9      | Reached skill level 4 in Shields
 11641 | D:9      | Reached XP level 11. HP: 97/97 MP: 18/18
 11667 | D:9      | Found a staircase to the Lair.
 12120 | Lair:1   | Entered Level 1 of the Lair of Beasts
 12300 | Lair:1   | You pick up a book of the Senses and begin reading...
 12300 | Lair:1   | You add the spells Dazzling Flash, Agony and Silence to
                  | your library.
 12629 | Lair:1   | Reached skill level 5 in Armour
 12642 | Lair:1   | Reached skill level 5 in Shields
 12642 | Lair:1   | Reached skill level 10 in Invocations
 12670 | Lair:1   | Reached **** piety under Qazlal
 13055 | Lair:1   | Reached skill level 12 in Long Blades
 13307 | D:8      | You pick up a book of Rime and begin reading...
 13542 | Lair:1   | Noticed Gastronok
 13550 | Lair:1   | Killed Gastronok
 13678 | Lair:2   | Reached skill level 13 in Long Blades
 14509 | Lair:3   | Reached skill level 14 in Long Blades
 14553 | Lair:3   | Noticed a six-headed hydra
 14567 | Lair:3   | HP: 21/97 [three-headed hydra (6)]
 14571 | Lair:3   | Killed a one-headed hydra
 14841 | Lair:3   | Reached XP level 12. HP: 105/105 MP: 19/19
 15082 | Lair:3   | Reached skill level 2 in Dodging
 15115 | Lair:3   | Noticed a four-headed hydra
 15141 | Lair:3   | Killed a three-headed hydra
 15305 | Lair:3   | Noticed a six-headed hydra
 15317 | Lair:3   | Killed a one-headed hydra
 15318 | Lair:3   | Reached skill level 10 in Fighting
 15360 | Lair:3   | Found a staircase to the Swamp.
 15831 | Lair:4   | Reached skill level 6 in Armour
 15831 | Lair:4   | Reached skill level 6 in Shields
 15834 | Lair:4   | Reached skill level 3 in Dodging
 15843 | Lair:4   | Noticed a seven-headed hydra
 15862 | Lair:3   | Killed a one-headed hydra
 15924 | Lair:4   | Noticed a five-headed hydra
 15930 | Lair:3   | Reached ***** piety under Qazlal
 16005 | Lair:3   | Killed a four-headed hydra
 16006 | Lair:3   | Reached skill level 15 in Long Blades
 16068 | Lair:4   | Noticed a boulder beetle
 16082 | Lair:3   | Killed a boulder beetle
 16083 | Lair:3   | Reached skill level 7 in Armour
 16083 | Lair:3   | Reached skill level 7 in Shields
 16181 | Lair:4   | Noticed a catoblepas
 16187 | Lair:3   | Killed a catoblepas
 16188 | Lair:3   | Reached skill level 4 in Dodging
 16208 | Lair:4   | Found a dark tunnel.
 16253 | Volcano  | Entered a volcano
 16269 | Volcano  | Reached XP level 13. HP: 98/113 MP: 20/20
 16314 | Volcano  | Reached skill level 8 in Armour
 16314 | Volcano  | Reached skill level 5 in Dodging
 16314 | Volcano  | Reached skill level 8 in Shields
 16433 | Volcano  | Noticed an orb of fire
 16462 | Volcano  | Noticed an orb of fire
 16491 | Volcano  | Reached skill level 16 in Long Blades
 16726 | Volcano  | l - a +1 eveningstar of flaming {rare}
 17069 | Lair:4   | Found a staircase to the Snake Pit.
 17344 | Lair:4   | Identified the ring of Xom's Best Wishes {Will+ rCorr Str+3
                  | Slay+3 Stlth+}
 17653 | Lair:4   | You drop a +1 eveningstar of flaming {rare}.
 17980 | Lair:5   | Reached skill level 17 in Long Blades
 18280 | Lair:5   | Found a staircase to the Slime Pits.
 18280 | Lair:5   | Found a viscous altar of Jiyva.
 18578 | Lair:5   | Reached skill level 18 in Long Blades
 19060 | Lair:6   | Entered Level 6 of the Lair of Beasts
 19147 | Lair:6   | Reached XP level 14. HP: 106/121 MP: 21/21
 19642 | Lair:6   | Reached skill level 19 in Long Blades
 19978 | Lair:6   | Reached ****** piety under Qazlal
 20410 | Lair:6   | Reached skill level 20 in Long Blades
 21133 | Lair:6   | Found a runed translucent gate.
 21133 | Lair:6   | Found a runed translucent gate.
 21133 | Lair:6   | Found a runed translucent gate.
 21134 | Lair:6   | Noticed an azure jelly
 21134 | Lair:6   | Noticed an acid blob
 21134 | Lair:6   | Noticed an acid blob
 21135 | Lair:6   | Noticed an acid blob
 21135 | Lair:6   | Noticed an azure jelly
 21135 | Lair:6   | Noticed an azure jelly
 21135 | Lair:6   | Noticed Teuc's ghost (journeyman DsDe)
 21135 | Lair:6   | Noticed an azure jelly
 21136 | Lair:6   | Noticed an azure jelly
 21136 | Lair:6   | Noticed an azure jelly
 21137 | Lair:6   | Noticed an acid blob
 21445 | Lair:6   | Identified the +11 falchion "Piruluxt" {venom, rN+ Will-
                  | Dex+3}
 21611 | Lair:6   | Found a viscous altar of Jiyva.
 21723 | D:10     | Entered Level 10 of the Dungeon
 21951 | D:10     | You pick up a book of the Dragon and begin reading...
 21951 | D:10     | You add the spells Cause Fear, Dragon Form and Dragon's
                  | Call to your library.
 22787 | D:11     | Identified the +1 leather armour of Syffeg {Harm rF- Regen+
                  | SInv}
 22805 | D:11     | Found a staircase to the Orcish Mines.
 22971 | D:11     | Found a runed translucent gate.
 22971 | D:11     | Found a runed translucent gate.
 22973 | D:11     | Found a runed translucent gate.
 22973 | D:11     | Noticed knot's ghost (journeyman DsBe)
 23201 | D:11     | Killed knot's ghost
 23202 | D:11     | Reached skill level 21 in Long Blades
 23317 | D:11     | Identified the ring of Muqa {Fly rC- Dex+5}
 23381 | Orc:1    | Entered Level 1 of the Orcish Mines
 23695 | Orc:2    | Entered Level 2 of the Orcish Mines
 23841 | Orc:1    | Reached XP level 15. HP: 95/126 MP: 22/22
 24473 | Orc:2    | Found a roughly hewn altar of Beogh.
 24821 | Orc:2    | Found a staircase to the Elven Halls.
 24915 | Orc:2    | Noticed Urug
 24934 | Orc:2    | Killed Urug
 24936 | Orc:2    | a +0 double sword of holy wrath {rare}; 5 javelins; a +1
                  | scale mail of positive energy
 24936 | Orc:2    | F - a +0 double sword of holy wrath {rare}
 25330 | Orc:2    | Found Xioguu's Antique Armour Boutique.
 25330 | Orc:2    | Found Mastry's Antique Armour Emporium.
 25332 | Orc:2    | Found Otzuerad's General Store.
 25334 | Orc:2    | Found Qerghatwu's Antique Weapon Shop.
 25346 | Orc:2    | Bought the +2 Maxwell's thermic engine {flame, freeze} for
                  | 1188 gold pieces
 25346 | Orc:2    | Found the +2 Maxwell's thermic engine {flame, freeze}
 25349 | Orc:2    | Bought a scorched ring mail for 252 gold pieces
 25349 | Orc:2    | Identified the +1 ring mail of Polish {rPois rCorr Int-3
                  | SInv} (You bought it in a shop on level 2 of the Orcish
                  | Mines)
 25613 | D:12     | You add the spells Summon Forest, Eringya's Noxious Bog and
                  | Summon Hydra to your library.
 25757 | D:12     | You add the spells Sting, Poisonous Vapours and Olgreb's
                  | Toxic Radiance to your library.
 26123 | D:13     | Noticed Azrael
 26141 | D:13     | Killed Azrael
 26525 | D:13     | Reached skill level 9 in Shields
 26526 | D:13     | Reached skill level 9 in Armour
 26569 | D:13     | Reached skill level 11 in Invocations
 26573 | D:13     | Reached skill level 6 in Dodging
 26610 | D:13     | Noticed Sonja
 26618 | D:13     | Killed Sonja
 26790 | D:13     | Found a gate to the Vaults.
 26799 | D:13     | You pick up a book of Storms and begin reading...
 26799 | D:13     | You add the spells Airstrike, Summon Lightning Spire and
                  | Lightning Bolt to your library.
 26866 | D:13     | Reached skill level 11 in Fighting
 27054 | D:13     | Noticed Erolcha
 27063 | D:13     | Killed Erolcha
 27271 | D:13     | You add the spells Blink, Manifold Assault and Storm Form
                  | to your library.
 27278 | D:13     | Learned a level 5 spell: Manifold Assault
 27830 | D:14     | Reached skill level 1 in Translocations
 28171 | D:14     | Reached skill level 2 in Translocations
 28627 | D:14     | You add the spells Ozocubu's Armour and Ozocubu's
                  | Refrigeration to your library.
 28661 | D:14     | Reached skill level 3 in Translocations
 29465 | D:15     | Entered Level 15 of the Dungeon
 29486 | D:15     | Reached XP level 16. HP: 132/139 MP: 24/24
 29577 | D:15     | Reached skill level 12 in Invocations
 29686 | D:15     | Found Vewad's Weapon Emporium.
 29694 | D:15     | Noticed Nessos
 29699 | D:15     | Killed Nessos
 29700 | D:15     | Reached skill level 4 in Translocations
 29878 | D:15     | Reached skill level 12 in Fighting
 29892 | D:15     | Reached skill level 5 in Translocations
 30294 | D:15     | Found a staircase to the Depths.
 30839 | Swamp:1  | Entered Level 1 of the Swamp
 30962 | Lair:3   | Reached skill level 6 in Translocations
 31464 | Swamp:1  | Reached skill level 7 in Translocations
 33010 | Swamp:2  | Noticed Roxanne
 33134 | Swamp:2  | Noticed Ziutun's ghost (adept GnGl)
 33138 | Swamp:2  | Found a runed translucent door.
 33174 | Swamp:2  | Reached skill level 8 in Translocations
 33640 | Swamp:2  | Killed Ziutun's ghost
 33650 | Swamp:2  | Identified a potion of experience
 33654 | Swamp:2  | Reached skill level 9 in Translocations
 33654 | Swamp:2  | Reached XP level 17. HP: 143/146 MP: 26/26
 33769 | Swamp:3  | HP: 25/146 [alligator (17)]
 33774 | Swamp:3  | HP: 31/146 [spriggan berserker (4)]
 33783 | Swamp:4  | Entered Level 4 of the Swamp
 33786 | Swamp:4  | HP: 21/146 [alligator (2)]
 33790 | Swamp:4  | HP: 5/146 [goliath frog (17)]
 33790 | Swamp:4  | Splashed by a goliath frog's acid

Vanquished Creatures
  The ghost of Ziutun the Nimble, an adept GnGl of Nemelex Xobeh (Swamp:2)
  Gastronok (Lair:1)
  A stone giant (D:15)
  2 eleionomae (Swamp:1)
  Nessos (D:15)
  Azrael (D:13)
  2 bunyips (Swamp:2)
  A shambling mangrove (Swamp:2)
  The ghost of knot the Cleaver, a journeyman DsBe of Trog (D:11)
  Harold (D:6)
  4 boulder beetles
  Erolcha (D:13)
  A catoblepas (Lair:3)
  6 centaur warriors
  15 hydras
  2 vault guards (D:13)
  A two-headed ogre (D:8)
  Urug (Orc:2)
  4 alligators
  5 death yaks (Lair:5)
  An orc high priest (Orc:1)
  4 tengu warriors
  Sonja (D:13)
  A hell knight (Volcano)
  A salamander mystic (Volcano)
  A goliath frog (Swamp:1)
  A spriggan druid (Swamp:3)
  6 swamp dragons
  2 necromancers (D:13)
  A bog body (Swamp:1)
  A lindwurm (Lair:6)
  2 orc knights
  A wizard (D:13)
  2 orc sorcerers
  17 ugly things
  2 deep elf pyromancers
  A salamander (Volcano)
  A manticore (D:11)
  5 cyclopes
  A will-o-the-wisp (Swamp:1)
  A torpor snail (Lair:6)
  3 molten gargoyles (Volcano)
  6 black mambas
  20 elephants
  6 cane toads
  A centaur zombie (D:11)
  7 gargoyles
  2 rime drakes
  2 efreet (D:13)
  An unseen horror (D:8)
  A yaktaur (shapeshifter) (D:14)
  12 komodo dragons
  5 kobold demonologists
  5 tengu conjurers
  7 hornets
  7 polar bears
  3 meliai (D:13)
  3 tyrant leeches
  6 trolls
  2 dream sheep (Lair:6)
  A spectral meliai (D:11)
  A centaur simulacrum (D:11)
  2 shadows (D:11)
  2 wraiths
  18 spriggans
  25 yaks
  A vampire (D:7)
  4 wyverns
  6 fire elementals (D:13)
  17 humans (D:13)
  6 steam dragons
  5 basilisks
  11 swamp worms
  3 wargs
  4 nagas (Lair:4)
  9 vampire mosquitoes
  19 water moccasins
  2 acid dragons
  2 swamp drakes (Lair:6)
  A hell hound (D:13)
  3 meliai simulacra
  2 sky beasts
  5 black bears
  A hornet zombie (D:6)
  4 ogres
  30 orc warriors
  2 necrophages
  5 boggarts (Lair:6)
  27 centaurs
  40 wolves
  5 kobold brigands
  2 phantoms (D:11)
  17 bullfrogs
  2 scorpions (D:6)
  A wyvern skeleton (D:7)
  A troll zombie (D:11)
  A water moccasin skeleton (D:6)
  39 killer bees
  5 wights
  2 electric eels (D:7)
  3 howler monkeys (D:9)
  A bullfrog zombie (D:6)
  2 jellies
  A bullfrog skeleton (D:7)
  A hound (D:6)
  8 orc priests
  3 iguanas
  12 orc wizards
  11 hell rats (Lair:1)
  A killer bee zombie (D:8)
  5 ogre zombies (D:11)
  A howler monkey zombie (D:5)
  3 gnolls
  15 river rats
  6 adders
  3 shadow imps
  A white imp (D:7)
  An ufetubus (D:6)
  An adder skeleton (D:4)
  2 worms
  3 dart slugs
  57 orcs
  11 ball pythons
  7 endoplasms
  10 giant cockroaches
  9 goblins
  4 hobgoblins
  A jackal (Sewer)
  35 kobolds
  10 quokkas
  7 bats
  3 frilled lizards
  A goblin skeleton (D:11)
  3 goblin zombies (D:11)
  8 hobgoblin zombies (D:11)
  7 orc zombies (D:11)
  22 rats
816 creatures vanquished.

Vanquished Creatures (others)
  A spectral centaur (D:11)
  A molten gargoyle (Volcano)
  2 bloated husks (Swamp:2)
  A centaur (D:13)
  2 orcs
  A bush (Lair:2)
  2 foxfires (Swamp:1)
  60 fungi
  72 plants
142 creatures vanquished.

Grand Total: 958 creatures vanquished

Table legend:
 A = Non-vault XP
 B = Vault XP
 C = Vault XP percentage of total XP
 D = Non-vault monster count
 E = Vault monster count
 F = Vault count percentage of total count
                 A         B        C        D         E       F
            +---------+---------+-------+---------+---------+-------
      Total |  110619 |   56112 |  33.7 |     498 |     322 |  39.3
            +---------+---------+-------+---------+---------+-------
        D:1 |      43 |       0 |   0.0 |      27 |       0 |   0.0
        D:2 |      55 |       0 |   0.0 |      22 |       0 |   0.0
        D:3 |      58 |       0 |   0.0 |      18 |       0 |   0.0
        D:4 |      79 |       0 |   0.0 |      15 |       0 |   0.0
        D:5 |     577 |      15 |   2.5 |      10 |       2 |  16.7
        D:6 |    1087 |     871 |  44.5 |      27 |       8 |  22.9
        D:7 |     684 |     473 |  40.9 |       8 |       4 |  33.3
        D:8 |     965 |    1729 |  64.2 |      30 |       8 |  21.1
        D:9 |    1776 |    2071 |  53.8 |      23 |      13 |  36.1
       D:10 |    1863 |       0 |   0.0 |       9 |       0 |   0.0
       D:11 |    2481 |    2463 |  49.8 |      17 |      34 |  66.7
       D:12 |    3602 |       0 |   0.0 |      12 |       0 |   0.0
       D:13 |    6305 |   11317 |  64.2 |      15 |      35 |  70.0
       D:14 |   12716 |       0 |   0.0 |      33 |       0 |   0.0
       D:15 |   10514 |    3760 |  26.3 |      22 |       4 |  15.4
     Temple |      45 |       0 |   0.0 |       1 |       0 |   0.0
     Lair:1 |     799 |    2289 |  74.1 |       4 |      42 |  91.3
     Lair:2 |    2224 |     355 |  13.8 |      14 |       1 |   6.7
     Lair:3 |   11185 |    2662 |  19.2 |      31 |      13 |  29.5
     Lair:4 |    6576 |    2620 |  28.5 |      23 |      29 |  55.8
     Lair:5 |   11888 |    1662 |  12.3 |      24 |       6 |  20.0
     Lair:6 |   12758 |    9059 |  41.5 |      41 |      49 |  54.4
    Swamp:1 |    8305 |       0 |   0.0 |      19 |       0 |   0.0
    Swamp:2 |    6524 |    1436 |  18.0 |      12 |       1 |   7.7
    Swamp:3 |    3342 |       0 |   0.0 |       8 |       0 |   0.0
    Swamp:4 |     826 |       0 |   0.0 |       1 |       0 |   0.0
      Orc:1 |    2089 |     590 |  22.0 |      16 |      10 |  38.5
      Orc:2 |    1253 |    4924 |  79.7 |      16 |      35 |  68.6
      Sewer |       0 |     138 | 100.0 |       0 |      12 | 100.0
    Volcano |       0 |    7678 | 100.0 |       0 |      16 | 100.0
            +---------+---------+-------+---------+---------+-------

Illustrated notes

Table legend:
 A = Kills in this place as a percentage of kills in entire the game.
 B = Kills by you in this place as a percentage of kills by you in the entire game.
 C = Kills by friends in this place as a percentage of kills by friends in the entire game.
 D = Other kills in this place as a percentage of other kills in the entire game.
 E = Experience gained in this place as a percentage of experience gained in the entire game.
 F = Experience gained in this place divided by the number of levels of this place that you have seen.
                   A       B       C       D       E      F
               +-------+-------+-------+-------+-------+----------------------
         Total | 100.0 | 100.0 |   N/A | 100.0 | 100.0 | 5557.7
       Dungeon |  48.3 |  48.3 |   N/A |  50.0 |  39.3 | 4366.9
        Temple |   0.1 |   0.1 |   N/A |   0.0 |   0.0 |  45.0
          Lair |  33.8 |  33.9 |   N/A |   0.0 |  38.4 | 10679.5
         Swamp |   5.0 |   4.9 |   N/A |  25.0 |  12.3 | 5108.2
  Orcish Mines |   9.4 |   9.4 |   N/A |   0.0 |   5.3 | 4428.0
         Sewer |   1.5 |   1.5 |   N/A |   0.0 |   0.1 | 138.0
       Volcano |   2.0 |   1.8 |   N/A |  25.0 |   4.6 | 7678.0
               +-------+-------+-------+-------+-------+----------------------

Table legend: (Time is in decaauts)
 A = Elapsed time spent in this place.
 B = Non-inter-level travel time spent in this place.
 C = Inter-level travel time spent in this place.
 D = Time resting spent in this place.
 E = Time spent auto-exploring this place.
 F = Levels seen in this place.
 G = Mean time per level.
                   A        B        C        D        E       F      G
               +--------+--------+--------+--------+--------+-----+--------+
         Total |  33648 |  31732 |   1916 |   3197 |  23201 |  30 | 1121.6 |
       Dungeon |  18558 |  17373 |   1185 |   1171 |  13481 |  15 | 1237.2 |
        Temple |    595 |    533 |     62 |      0 |    433 |   1 |  595.0 |
          Lair |   8938 |   8361 |    577 |    627 |   6338 |   6 | 1489.7 |
         Swamp |   2769 |   2735 |     34 |    550 |   1761 |   4 |  692.2 |
  Orcish Mines |   1866 |   1809 |     57 |    703 |    749 |   2 |  933.0 |
         Sewer |    315 |    315 |      0 |      0 |    265 |   1 |  315.0 |
       Volcano |    604 |    604 |      0 |    145 |    173 |   1 |  604.0 |
               +--------+--------+--------+--------+--------+-----+--------+

Top non-repeatable levels by time:
  Lair:3: 1966 daAuts
  Lair:6: 1905 daAuts
    D:13: 1721 daAuts
    D:14: 1630 daAuts
     D:7: 1533 daAuts
     D:3: 1523 daAuts
  Lair:5: 1509 daAuts
     D:8: 1428 daAuts
  Lair:4: 1421 daAuts
     D:2: 1409 daAuts
 Swamp:2: 1374 daAuts
     D:4: 1372 daAuts
 Swamp:1: 1351 daAuts
     D:1: 1298 daAuts
  Lair:1: 1289 daAuts
